 Dungeon Crawl Stone Soup version 0.25-a0-73-g9796ba8d15 (webtiles) character file.

Game seed: 11356576552255805609, levelgen mode: deterministic

1383 Gargoyl the Covered (level 8, -14/67 HPs)
             Began as a Centaur Abyssal Knight on Nov 5, 2019.
             Was a Priest of Lugonu.
             Demolished by a wyvern (15 damage)
             ... on level 7 of the Dungeon.
             The game lasted 00:08:30 (7124 turns).

Gargoyl the Covered (Centaur Abyssal Knight)        Turns: 7124, Time: 00:08:31

Health: -14/67     AC:  9    Str: 15    XL:     8   Next: 40%
Magic:  11/11      EV:  5    Int: 11    God:    Lugonu [***...]
Gold:   184        SH:  0    Dex: 13    Spells: 6/7 levels left

rFire    . . .     SeeInvis .   a - +1 hand axe
rCold    . . .     Gourm    .   (no shield)
rNeg     . . .     Faith    .   j - +1 chain mail
rPois    .         Spirit   .   (no helmet)
rElec    .         Reflect  .   (no cloak)
rCorr    .         Harm     .   (no gloves)
MR       .....                  (no barding)
Stlth    ..........             (no amulet)
HPRegen  0.21/turn              (no ring)
MPRegen  0.12/turn              (no ring)

@: very quick
A: large, hooves 3, agile 1, deformed body, speed 2, tough skin 3, MP-powered
wands
a: Depart the Abyss, Bend Space, Banish, Renounce Religion


You were on level 7 of the Dungeon.
You worshipped Lugonu.
Lugonu was most pleased with you.
You were not hungry.

You visited 1 branch of the dungeon, and saw 6 of its levels.
You visited the Abyss 1 time.

You collected 184 gold pieces.

Inventory:

Hand Weapons
 a - a +1 hand axe (weapon)
 d - a +3 shortbow
 f - a +1 whip of electrocution
Armour
 j - a +1 chain mail (worn)
Scrolls
 b - 2 scrolls of teleportation
 e - 3 scrolls of remove curse
 h - a scroll of identify
Potions
 n - a potion of magic {unknown}
Comestibles
 c - 3 rations


   Skills:
 + Level 4.4 Fighting
 + Level 4.4 Axes
 + Level 0.4(2.7) Maces & Flails
 * Level 4.9 Armour
 * Level 3.1 Dodging
 + Level 0.1 Hexes
 * Level 4.7 Invocations
   Level 0.3 Evocations


You had 6 spell levels left.
You knew the following spells:

 Your Spells              Type           Power        Failure   Level  Hunger
a - Confusing Touch       Hex            #.....       99%         1    ##.....

Your spell library contained the following spells:

 Spells                   Type           Power        Failure   Level  Hunger
 Corona                   Hex            #......      99%         1    ##.....


Dungeon Overview and Level Annotations

Branches:
Dungeon (5/15)             Temple (0/1) D:4

Altars:
Xom

Annotations:
D:4 1 runed translucent door, Crazy Yiuf


Innate Abilities, Weirdness & Mutations

You have hooves in place of feet.
Armour fits poorly on your strangely shaped body.
You cover ground very quickly.
You have extremely tough skin. (AC +3)
You are agile. (Dex +2)
You expend magic power (3 MP) to strengthen your wands.


Message History

The wyvern bites you!
Your chain mail prevents you from hitting the wyvern.
You kick the wyvern.
The wyvern is lightly wounded.
The wyvern bites you!
* * * LOW HITPOINT WARNING * * *
You closely miss the wyvern. You kick the wyvern.
The wyvern is moderately wounded.
The wyvern bites you.
* * * LOW HITPOINT WARNING * * *
The wyvern barely misses you.
You hit the wyvern.
The wyvern is moderately wounded.
The wyvern barely misses you.
Press: ? - help, Shift-Dir - straight line, f - wyvern
Aim: a wyvern (moderately wounded, chance to defeat MR: 83%)
You fail to use your ability.
The wyvern bites you!
* * * LOW HITPOINT WARNING * * *
The wyvern bites you!
You die...

.....>....#.
......##....
............
...........
...........
........... ####
#......##.. #..###
.......##.. #..l@###
.#........#
#.###..###..........#
#. #....###...##..##
#l #.......##....##
.. #....###.......##
.# #..###..........#
#.
...###............#
.###...............
###...##.......)....


You could see a wyvern.

Vanquished Creatures
  Pikel (D:4)
  A hippogriff (D:7)
  A water moccasin (D:7)
  4 slaves
  A phantom (D:4)
  A bullfrog (D:7)
  A scorpion (D:4)
  3 crimson imps
  A hound (D:7)
  Jessica (D:2)
  An iguana (D:7)
  An orc wizard (D:7)
  2 worker ants
  Robin (D:2)
  A howler monkey zombie (D:5)
  A howler monkey skeleton (D:4)
  6 adders
  5 worms
  3 dart slugs
  A leopard gecko (D:3)
  13 orcs
  5 giant cockroaches
  17 goblins
  7 hobgoblins
  2 jackals (D:2)
  2 quokkas
  2 ball pythons
  3 bats (D:1)
  5 frilled lizards
  A jackal skeleton (D:4)
  13 kobolds
  A leopard gecko skeleton (D:7)
  2 quokka skeletons
  8 rats
118 creatures vanquished.

Vanquished Creatures (others)
  4 tentacles (Abyss:1)
4 creatures vanquished.

Grand Total: 122 creatures vanquished

Notes
Turn   | Place    | Note
-------+----------+-------------------------------------------
     0 | Abyss:1  | Gargoyl the Centaur Abyssal Knight began the quest for the
                  | Orb.
     0 | Abyss:1  | Reached XP level 1. HP: 19/19 MP: 2/2
    25 | Abyss:1  | Noticed a kraken
    70 | Abyss:2  | Noticed a rakshasa
    70 | D:1      | Escaped the Abyss
   298 | D:1      | Reached * piety under Lugonu
   350 | D:1      | Reached XP level 2. HP: 24/26 MP: 3/3
  1286 | D:2      | Noticed Robin
  1303 | D:1      | Reached XP level 3. HP: 6/31 MP: 4/4
  1592 | D:1      | Reached skill level 1 in Dodging
  1856 | D:2      | Killed Robin
  2117 | D:2      | Reached XP level 4. HP: 38/38 MP: 5/5
  2165 | D:2      | Reached ** piety under Lugonu
  2435 | D:2      | Noticed Jessica
  2442 | D:2      | Killed Jessica
  2472 | D:2      | Identified Jessica's Volume of Execration
  2572 | D:2      | Learned a level 1 spell: Confusing Touch
  2982 | D:3      | Reached XP level 5. HP: 45/45 MP: 6/6
  3899 | D:4      | Noticed a slave
  3900 | D:4      | Noticed a slave
  3900 | D:4      | Noticed Pikel
  3903 | D:4      | Noticed a slave
  3905 | D:4      | Noticed a slave
  4186 | D:3      | Killed a slave
  4636 | D:4      | Killed a slave
  4638 | D:4      | Killed a slave
  4638 | D:4      | Killed a slave
  4848 | D:4      | Found a staircase to the Ecumenical Temple.
  4874 | D:5      | Entered Level 5 of the Dungeon
  4897 | D:5      | HP: 2/45 [poisoned by a scorpion]
  5509 | D:4      | Killed Pikel
  5509 | D:4      | Reached XP level 6. HP: 50/52 MP: 8/8
  5509 | D:4      | Reached XP level 7. HP: 56/59 MP: 9/9
  6135 | D:4      | Found a shimmering altar of Xom.
  6320 | D:4      | Found a runed translucent door.
  6321 | D:4      | Noticed Crazy Yiuf
  6466 | D:4      | You fall into a shaft and drop 3 floors!
  6466 | D:7      | Noticed a hippogriff
  6496 | D:7      | Killed a hippogriff
  6496 | D:7      | Reached XP level 8. HP: 35/66 MP: 11/11
  6813 | D:7      | Reached *** piety under Lugonu
  6815 | D:7      | Gained mutation: You expend magic power (3 MP) to
                  | strengthen your wands. [potion of mutation]
  6815 | D:7      | Gained mutation: You are agile. (Dex +2) [potion of
                  | mutation]
  7124 | D:7      | HP: 1/67 [wyvern (16)]
  7124 | D:7      | Demolished by a wyvern

Levels and vault maps discovered:
D:1:      lemuel_arrival_tunnels, layout_basic
D:2:      layout_basic, kennysheep_jessica_study, uniq_robin
D:3:      layout_basic
D:4:      layout_basic, minmay_temple_entry_junction_2, first_ration,
          led_xom_imps, uniq_pikel, uniq_crazy_yiuf_cottage
D:5:      layout_basic
D:7:      minmay_the_grid_four_pointed_star
          [minmay_the_grid_triangle_9x9_wacky_v,
          minmay_the_grid_triangle_9x9_intruding_spiral,
          minmay_the_grid_triangle_9x9_thin_v,
          minmay_the_grid_triangle_9x9_limited_checkers,
          minmay_the_grid_prize_trominoes], layout_cave_pools,
          gup_ossuary_entry_pyramid

Skill      XL: |  1  2  3  4  5  6  7  8 |
---------------+-------------------------+-----
Armour         | 2 4 |  4.9
Dodging        | 1 2 3 |  3.1
Axes           | 2 3 4 |  4.4
Fighting       | 4 |  4.4
Invocations    | 3 4 |  4.7
Maces & Flails | |  0.4
Hexes          | |  0.1
Evocations     | |  0.3

Action                   |  1- 3 |  4- 6 |  7- 9 || total
-------------------------+-------+-------+-------++-------
Melee: Whip              |    66 |       |       ||    66
       Hand axe          |    54 |   251 |   143 ||   448
       Kick              |    20 |    47 |    21 ||    88
Invok: Depart the Abyss  |     1 |       |       ||     1
Evoke: Wand              |       |     2 |     2 ||     4
  Use: Potion            |     1 |       |     7 ||     8
       Scroll            |     2 |     4 |     2 ||     8
 Stab: Confused          |       |     1 |     1 ||     2
  Eat: Chunk             |     3 |     7 |     1 ||    11
       Ration            |       |     1 |     1 ||     2
Armor: Leather armour    |    37 |       |       ||    37
       Chain mail        |    58 |   152 |    65 ||   275
       Skin              |       |       |    99 ||    99
Dodge: Dodged            |    65 |    54 |    31 ||   150

Table legend:
 A = Non-vault XP
 B = Vault XP
 C = Vault XP percentage of total XP
 D = Non-vault monster count
 E = Vault monster count
 F = Vault count percentage of total count
                 A         B        C        D         E       F
            +---------+---------+-------+---------+---------+-------
      Total |    1157 |     820 |  41.5 |      98 |      16 |  14.0
            +---------+---------+-------+---------+---------+-------
        D:1 |      37 |      14 |  27.5 |      24 |       7 |  22.6
        D:2 |      76 |      61 |  44.5 |      21 |       6 |  22.2
        D:3 |      89 |       0 |   0.0 |      28 |       0 |   0.0
        D:4 |     253 |     745 |  74.6 |      10 |       3 |  23.1
        D:5 |      16 |       0 |   0.0 |       1 |       0 |   0.0
        D:7 |     686 |       0 |   0.0 |      14 |       0 |   0.0
            +---------+---------+-------+---------+---------+-------
